 Dungeon Crawl Stone Soup version 0.24.0-125-gc4c63601f3 (webtiles) character file.

Game seed: 5235879488569290695, levelgen mode: deterministic

39 Peloso the Covered (level 3, 33/33 HPs)
             Began as a Minotaur Fighter on Mar 18, 2020.
             Got out of the dungeon alive.
             The game lasted 00:02:14 (627 turns).

Peloso the Covered (Minotaur Fighter)                Turns: 627, Time: 00:02:14

Health: 33/33      AC:  7    Str: 20    XL:     3   Next: 28%
Magic:  1/1        EV:  7    Int:  7    God:
Gold:   43         SH:  9    Dex: 12    Spells: 2/2 levels left

rFire    . . .     SeeInvis .   a - +0 long sword
rCold    . . .     Gourm    +   c - +0 shield
rNeg     . . .     Faith    .   b - +0 scale mail
rPois    .         Spirit   .   (helmet restricted)
rElec    .         Reflect  .   (no cloak)
rCorr    .         Harm     .   (no gloves)
MR       .....                  (no boots)
Stlth    ..........             k - amulet of the gourmand
HPRegen  0.11/turn              (no ring)
MPRegen  0.07/turn              (no ring)

@: no status effects
A: retaliatory headbutt, horns 2, agile 1, blurry vision 1, clever 1, low mp 1
a: no special abilities


You escaped.
You were not hungry.

You visited 1 branch of the dungeon, and saw 1 of its levels.

You collected 43 gold pieces.

Inventory:

Hand Weapons
 a - a +0 long sword (weapon)
Armour
 b - a +0 scale mail (worn)
 c - a +0 shield (worn)
Jewellery
 j - an uncursed amulet of guardian spirit
 k - an amulet of the gourmand (around neck)
Scrolls
 i - 2 scrolls of teleportation {unknown}
 l - 3 scrolls of identify {unknown}
 m - a scroll of noise {unknown}
 n - a scroll of fear {unknown}
 s - a scroll of remove curse {unknown}
Potions
 d - a potion of might
 h - a potion of resistance {unknown}
 o - 2 potions of heal wounds {unknown}
 p - a potion of agility {unknown}
 q - a potion of degeneration {unknown}
 r - a potion of haste {unknown}
Comestibles
 f - 3 rations


   Skills:
 + Level 3.7 Fighting
 + Level 2.9 Long Blades
 + Level 4.6 Armour
 + Level 0.2 Dodging
 + Level 4.0 Shields


You had 2 spell levels left.
You didn't know any spells.
Your spell library was empty.

Dungeon Overview and Level Annotations

Branches:
Dungeon (1/15)

Altars:


Innate Abilities, Weirdness & Mutations

You reflexively headbutt those who attack you in melee.
You have a pair of horns on your head.
You are agile. (Dex +2)
Scrolls take you a little longer to read.
Your mind is acute. (Int +2)
Your magical capacity is low. (-10% MP)


Message History

You block the bat's attack.
You see here a scroll labeled SAZYASUCYU.
The bat barely misses you. You furiously retaliate!
You headbutt the bat!
You kill the bat!
Found a glowing dagger.
s - a scroll labeled SAZYASUCYU Done exploring.
Done exploring.
Done exploring.
Done exploring.
It was a potion of curing.
You feel better.
It was a potion of mutation.
You feel extremely strange.
Your vision blurs.
You feel less energetic.
You feel clever.
You feel agile.
You enter the shallow water.
Moving in this stuff is going to be slow.
There is a staircase leading out of the dungeon here.
Are you sure you want to leave the Dungeon?
This will make you lose the game!
Alright, then stay!
Are you sure you want to leave the Dungeon?
This will make you lose the game!
You have escaped!

#........#
#.........#....##
##########
#.........#.(..#
###########.(..#
################# #....#
#≈≈≈≈§≈≈≈≈≈≈≈§§§# #..).#
#≈≈§≈≈.....≈≈≈§§# #....#
#≈§§§§.≈≈≈....≈≈# #....#
#§§§.§≈≈.≈≈≈...≈########
#≈..≈≈≈.@..≈≈..≈#....####
#≈)..≈≈≈.≈≈≈...≈#........
#≈≈....≈≈≈..§§§≈#........
#≈§≈§≈....§≈§§§≈#........
#≈≈≈≈§≈≈.≈§§≈§§≈#........
########.########........
#.# #........ #.#
#...[.### #.# ##.......


There were no monsters in sight!

Vanquished Creatures
  An ooze (D:1)
  A dart slug (D:1)
  A leopard gecko (D:1)
  6 bats (D:1)
  4 giant cockroaches (D:1)
  4 goblins (D:1)
  2 hobgoblins (D:1)
  2 frilled lizards (D:1)
  7 kobolds (D:1)
  2 rats (D:1)
30 creatures vanquished.

Notes
Turn   | Place    | Note
-------+----------+-------------------------------------------
     0 | D:1      | Peloso the Minotaur Fighter began the quest for the Orb.
     0 | D:1      | Reached XP level 1. HP: 19/19 MP: 0/0
    96 | D:1      | Reached XP level 2. HP: 20/26 MP: 1/1
   226 | D:1      | Reached XP level 3. HP: 33/33 MP: 2/2
   623 | D:1      | Gained mutation: Scrolls take you a little longer to read.
                  | [potion of mutation]
   623 | D:1      | Gained mutation: Your magical capacity is low. (-10% MP)
                  | [potion of mutation]
   623 | D:1      | Gained mutation: Your mind is acute. (Int +2) [potion of
                  | mutation]
   623 | D:1      | Gained mutation: You are agile. (Dex +2) [potion of
                  | mutation]
   627 | D:$      | Got out of the dungeon alive.

Levels and vault maps discovered:
D:1:      dpeg_arrival_shrine, layout_basic

Skill      XL: |  1  2 |
---------------+-------+-----
Armour         | 4 |  4.6
Shields        | 4 |  4.0
Fighting       | |  3.7
Long Blades    | |  2.9
Dodging        | |  0.2

Action                   || total
-------------------------++-------
Melee: Long sword        ||    63
       Headbutt          ||     9
  Use: Potion            ||     2
  Eat: Chunk             ||     2
Armor: Scale mail        ||    47
Dodge: Dodged            ||    28
Block: Shield            ||    45
       Rpst.: Long sword ||     7
